 Dungeon Crawl Stone Soup version 0.31-a0-986-g5e6e4ef867 (webtiles) character file.

Game seed: 3791003419216260901

26 Xavori the Trooper (level 3, -1/30 HPs)
             Began as a Djinni Chaos Knight on Nov 3, 2023.
             Was a Plaything of Xom.
             Slain by a gnoll
             ... wielding a +0 spear
              (8 damage)
             ... on level 2 of the Dungeon.
             The game lasted 00:00:34 (677 turns).

Xavori the Trooper (Djinni Chaos Knight)             Turns: 677, Time: 00:00:34

Health: -1/30      AC:  5    Str: 11    XL:     3   Next: 22%
Gold:   81         EV: 12    Int: 13    God:    Xom [.*....] SH:  0 Dex: 14

rFire   + + .        a - +0 falchion (chaos)
rCold   x . .        (no shield)
rNeg    . . .        b - +2 leather armour
rPois   ∞            (no helmet)
rElec   .            (no cloak)
rCorr   .            (no gloves)
SInv    .            (boots unavailable)
Will    .....        f - amulet of the acrobat
Stlth   +            (no ring)
HPRegen 0.25/turn    (no ring)
MPRegen 0.00/turn

%: acrobat, infuse magic (-2 HP)
@: flying
A: sickness immunity, fire resistance 2, cold vulnerability 1, float, innate
caster, HP casting, extra vitality 1
a: Renounce Religion


You were on level 2 of the Dungeon.
You worshipped Xom.
You were a plaything of Xom.
You visited 1 branch of the dungeon, and saw 2 of its levels.

You collected 81 gold pieces.

Inventory:

Hand Weapons
 a - a +0 falchion of chaos (weapon)
Armour
 b - a +2 leather armour (worn)
Jewellery
 f - an amulet of the acrobat (around neck)
Scrolls
 c - a scroll of butterflies
 d - a scroll of teleportation {unknown}
 h - a scroll of identify {unknown}
 i - 2 scrolls of fear {unknown}
Potions
 e - a potion of degeneration {unknown}
 g - a potion of heal wounds {unknown}
 j - a potion of curing {unknown}


   Skills:
 + Level 3.2 Fighting
 + Level 2.9 Long Blades
 + Level 1.4 Armour
 + Level 2.5 Dodging
 * Level 0.7 Spellcasting
 * Level 0.7 Conjurations
 * Level 0.7 Hexes
   Level 0.0 Charms
 * Level 0.7 Summonings
 * Level 0.7 Necromancy
 * Level 0.7 Translocations
 * Level 0.7 Transmutations
 * Level 0.7 Fire Magic
 * Level 0.7 Ice Magic
 * Level 0.7 Air Magic
 * Level 0.7 Earth Magic
 * Level 0.7 Poison Magic


You knew the following spells:

 Your Spells              Type           Power      Damage    Failure   Level
a - Shock                 Conj/Air       8%         1d3       28%         1
Your spell library was empty.

Dungeon Overview and Level Annotations

Branches:
Dungeon (1/15)

Altars:


Innate Abilities, Weirdness & Mutations

You are immune to sickness and miasma.
You are immune to poison.
Your flesh is very heat resistant. (rF++)
You are vulnerable to cold. (rC-)
You float through the air rather than walking.
You learn spells naturally, not from books.
Your magical power is your life essence.
You have superior vitality. (+4 MHP)


Message History

i - 2 scrolls labelled ECKORI JUEKHOI (gained 1)
A gnoll comes into view. It is wielding a +1 whip of pain.
Found a stone staircase leading down.
The gnoll shouts!
You hear a shout!
A gnoll comes into view. It is wielding a +0 spear.
A gnoll comes into view. It is wielding a +0 flail.
There are monsters nearby!
There are monsters nearby!
A gnoll comes into view. It is wielding a +0 club.
The gnoll shouts! x2
Found a book of Vapours. "This might be better!"
The gnoll suddenly seems more agile.
The gnoll completely misses you. The gnoll barely misses you.
You barely miss the gnoll. The gnoll barely misses you. The gnoll misses you.
The gnoll hits you with a +1 whip of pain.
You writhe in agony.
You closely miss the gnoll.
The gnoll hits you from afar with a +0 spear!
The gnoll barely misses you.
You hit the gnoll but do no damage. The gnoll completely misses you.
The gnoll closely misses you.
You hit the gnoll. You freeze the gnoll.
The gnoll is moderately wounded.
The gnoll hits you from afar with a +0 spear.
The gnoll barely misses you.
You hit the gnoll but do no damage.
The gnoll is moderately wounded.
The gnoll hits you but does no damage.
The gnoll hits you with a +1 whip of pain.
You hit the gnoll.
The gnoll suddenly seems more agile.
The gnoll is heavily wounded.
The gnoll barely misses you.
The gnoll hits you with a +1 whip of pain.
* * * LOW HITPOINT WARNING * * *
You writhe in agony.
* * * LOW HITPOINT WARNING * * *
The gnoll hits you from afar with a +0 spear!
You die...
Xom howls with laughter!

.....#######.......
#..#.........#....#
#..)#..............
.######.................
........................
#..................†....
........##......##......
#.##....#.........
#@##.......#...... .
#g##..............
....##g##..............
....>..gg...............
.....##.##.g............
.... #.#........... ...
#.#.......... ..
#:.......... .
#...#.......


You could see 4 gnolls.

Vanquished Creatures
  A dart slug (D:1)
  4 endoplasms (D:1)
  A giant cockroach (D:1)
  2 goblins
  4 hobgoblins
  A quokka (D:1)
  5 ball pythons
  A bat (D:2)
  2 frilled lizards (D:1)
  A kobold (D:1)
  A rat (D:2)
23 creatures vanquished.

Notes
Turn   | Place    | Note
-------+----------+-------------------------------------------
     0 | D:1      | Xavori the Djinni Chaos Knight began the quest for the Orb.
     0 | D:1      | Reached XP level 1. HP: 20/20 MP: 0/0
   207 | D:1      | Reached XP level 2. HP: 25/25 MP: 0/0
   291 | D:1      | XOM: silly message
   551 | D:1      | Reached XP level 3. HP: 16/30 MP: 0/0
   551 | D:1      | Learned a level 1 spell: Shock
   606 | D:1      | You are sucked into a shaft and drop 1 floor!
   609 | D:2      | Found a faded altar of an unknown god.
   669 | D:2      | XOM: enchant monster (bad)
   677 | D:2      | Slain by a gnoll

Illustrated notes

Levels and vault maps discovered:
D:1:      dpeg_arrival_arbitrary_c, layout_basic
D:2:      layout_rooms, ebering_ecumenical_altar_box, basic_altar, serial_shops,
          shop, minmay_pentomino_w2, uniq_sigmund

Action                     || total
---------------------------++-------
  Melee: Falchion          ||    62
 Armour: Leather armour    ||    31
  Dodge: Dodged            ||    42

Table legend: (Time is in decaauts)
 A = Elapsed time spent in this place.
 B = Non-inter-level travel time spent in this place.
 C = Inter-level travel time spent in this place.
 D = Time resting spent in this place.
 E = Time spent auto-exploring this place.
 F = Levels seen in this place.
 G = Mean time per level.
                   A        B        C        D        E       F      G
               +--------+--------+--------+--------+--------+-----+--------+
         Total |    686 |    686 |      0 |      0 |    528 |   2 |  343.0 |
       Dungeon |    686 |    686 |      0 |      0 |    528 |   2 |  343.0 |
               +--------+--------+--------+--------+--------+-----+--------+

Top non-repeatable levels by time:
     D:1: 612 daAuts
     D:2: 73 daAuts
